Map: Prion Terraces

Players

Miszu

  • Race: Terran Terran
  • League: Master

LordJim - Winner!

  • Race: Zerg Zerg
  • League: Master

VOD

Have the link to the VOD?

Description

Time

  • Played on: April 2, 2016, 11:06 a.m.
  • Length: 1:38
Show
View Real Time Build Order
Export as new Build Order

Miszu Terran 

Build Orders:  

Get SALT Encoding   

  12  0:00  SCV  
  13  0:12  SCV  
  14  0:18  Supply Depot  
  14  0:25  SCV  
  15  0:40  Barracks  
  15  0:53  Barracks  
  15  1:08  Barracks  
Show
View Real Time Build Order
Export as new Build Order

LordJim Zerg - Winner!

Build Orders: Pool Only 

Get SALT Encoding   

  12  0:01  Drone  
  13  0:08  Drone  
  14  0:17  Overlord  
  14  0:24  Extractor  
  14  0:25  Drone  
  15  0:36  Drone x2  
  15  0:40  Extractor  
  16  0:44  Drone  
  17  0:55  Spawning Pool  
  16  1:11  Drone  
  16  1:12  Overlord  
  17  1:23  Drone  
Tags
 
Add a new tag
Caveats
  • Supply blocks, unpowered buildings, or Contaminate may cause inaccurate times.
  • Supply counts are checked every 10 seconds.